 Dungeon Crawl Stone Soup version 0.27-a0-1181-g5f64966fcc (webtiles) character file.

Game seed: 285937843641283012

52859 Wyvernaa the Thaumaturge (level 14, -11/108 HPs)
             Began as a Gnoll Summoner on May 17, 2021.
             Was the Champion of Cheibriados.
             Engulfed by a cloud of freezing vapour (44 damage)
             ... in an ice cave.
             The game lasted 03:10:36 (29517 turns).

Wyvernaa the Thaumaturge (Gnoll Summoner)          Turns: 29517, Time: 03:10:37

Health: -11/108    AC: 23    Str: 30    XL:     14   Next: 65%
Magic:  28/28      EV: 25    Int: 31    God:    Cheibriados [******]
Gold:   823        SH:  0    Dex: 30    Spells: 3/34 levels left

rFire    . . .     SeeInvis .   G - +2 trident (venom)
rCold    . . .     Faith    .   (no shield)
rNeg     . . .     Spirit   .   f - +6 scale mail of Tempters {Contam rElec Str+4 Slay+5}
rPois    +         Reflect  .   H - +2 hat
rElec    +         Harm     .   b - +2 cloak {rPois}
rCorr    .         Rampage  .   z - +1 pair of gloves {archery}
Will     ++...     Rnd*Rage +   p - +0 pair of boots
Stlth    ++++......             (no amulet)
HPRegen  0.28/turn              r - ring of willpower
MPRegen  0.21/turn              A - +4 ring of evasion

@: very slow
A: fangs 2, strong nose, distributed training, agile 1, berserk 1, wild magic 1
a: Renounce Religion, Bend Time, Temporal Distortion, Slouch, Step From Time


You were in an ice cave.
You worshipped Cheibriados.
Cheibriados was exalted by your worship.
You visited 3 branches of the dungeon, and saw 21 of its levels.
You also visited: Ice Cave.

You collected 1111 gold pieces.
You spent 288 gold pieces at shops.

Inventory:

Hand Weapons
 a - a +5 quick blade
 e - a +1 quick blade of freezing
 g - a +0 battleaxe of freezing
 G - a +2 trident of venom (weapon)
Missiles
 B - 15 atropa-tipped darts
 I - 10 curare-tipped darts
Armour
 b - a +2 cloak of poison resistance (worn)
 f - the +6 scale mail of Tempters (worn) {Contam rElec Str+4 Slay+5}
   (You found it on level 5 of the Lair of Beasts)

   It affects your strength (+4).
   It affects your accuracy and damage with ranged weapons and melee attacks
   (+5).
   It insulates you from electricity.
   It causes magical contamination when unequipped.
 p - a +0 pair of boots (worn)
 z - a +1 pair of gloves of archery (worn)
 H - a +2 hat (worn)
Jewellery
 c - a ring of see invisible
 m - a ring of flight
 r - a ring of willpower (left hand)
 A - a +4 ring of evasion (right hand)
 J - a ring of protection from fire
 L - a +4 ring of protection
Wands
 l - a wand of mindburst (16)
 t - a wand of acid (9)
 w - a wand of polymorph (16)
 C - a wand of charming (7)
 F - a wand of digging (10)
 M - a wand of paralysis (5)
 T - a wand of iceblast (45)
 Y - a wand of flame (26)
Scrolls
 j - a scroll of holy word {unknown}
 s - 2 scrolls of brand weapon
 x - a scroll of torment {unknown}
 D - a scroll of blinking
 E - 4 scrolls of amnesia
 O - a scroll of fear
 Q - a scroll of identify
 R - 4 scrolls of enchant armour
 S - 4 scrolls of magic mapping
 V - 6 scrolls of teleportation
 W - 2 scrolls of enchant weapon
 X - a scroll of summoning
Potions
 d - 3 potions of mutation
 h - 5 potions of might
 i - 3 potions of brilliance
 n - 4 potions of flight
 o - 4 potions of ambrosia
 u - 2 potions of resistance
 v - 3 potions of lignification
 K - a potion of berserk rage {unknown}
 N - 2 potions of invisibility
 P - 3 potions of heal wounds
 U - 2 potions of curing


   Skills:
 + Level 9.4 Fighting
 + Level 9.4 Short Blades
 + Level 9.4 Long Blades
 + Level 9.4 Axes
 + Level 9.4 Maces & Flails
 + Level 9.4 Polearms
 + Level 9.4 Staves
 + Level 9.4 Slings
 + Level 9.4 Bows
 + Level 9.4 Crossbows
 + Level 9.4 Throwing
 + Level 9.4 Armour
 + Level 10.4 Dodging
 + Level 10.2 Stealth
 + Level 9.4 Shields
 + Level 9.4 Unarmed Combat
 + Level 10.6 Spellcasting
 + Level 7.8 Conjurations
 + Level 7.8 Hexes
 + Level 10.5 Summonings
 + Level 7.8 Necromancy
 + Level 7.8 Translocations
 + Level 7.8 Transmutations
 + Level 7.8 Fire Magic
 + Level 7.8 Ice Magic
 + Level 7.8 Air Magic
 + Level 7.8 Earth Magic
 + Level 7.8 Poison Magic
 + Level 10.2 Invocations
 + Level 9.4 Evocations


You had 3 spell levels left.
You knew the following spells:

 Your Spells              Type           Power      Damage    Failure   Level
a - Leda's Liquefaction   Hex/Erth       35%        N/A       4%          4
b - Passwall              Tmut/Erth      59%        N/A       1%          2
c - Blink                 Tloc           N/A        N/A       1%          2
d - Summon Lightning Spi  Summ/Air       77%        N/A       2%          4
e - Summon Ice Beast      Ice/Summ       77%        N/A       2%          4
f - Mephitic Cloud        Conj/Pois/Air  71%        N/A       1%          3
g - Cause Fear            Hex            35%        N/A       4%          4
i - Borgnjor's Vile Clut  Necr/Erth      35%        N/A       10%         5
j - Ignite Poison         Fire/Tmut/Pois 71%        N/A       1%          3

Your spell library contained the following spells:

 Spells                   Type           Power      Damage    Failure   Level
 Animate Skeleton         Necr           100%       N/A       1%          1
 Apportation              Tloc           100%       N/A       1%          1
 Corona                   Hex            78%        N/A       1%          1
 Foxfire                  Conj/Fire      100%       2x1d9     1%          1
 Magic Dart               Conj           100%       1d8       1%          1
 Sandblast                Erth           100%       2d20      1%          1
 Sting                    Tmut/Pois      100%       1d8       1%          1
 Summon Small Mammal      Summ           100%       N/A       1%          1
 Call Imp                 Summ           82%        N/A       1%          2
 Searing Ray              Conj           100%       3d7       1%          2
 Slow                     Hex            71%        N/A       1%          2
 Wereblood                Tmut           71%        N/A       1%          2
 Call Canine Familiar     Summ           82%        N/A       1%          3
 Conjure Flame            Conj/Fire      71%        6-21      1%          3
 Dazzling Flash           Conj/Hex       100%       N/A       1%          3
 Inner Flame              Hex/Fire       71%        N/A       1%          3
 Portal Projectile        Hex/Tloc       100%       N/A       1%          3
 Summon Guardian Golem    Hex/Summ       77%        N/A       1%          3
 Fulminant Prism          Conj/Hex       35%        3d18      4%          4
 Ice Form                 Ice/Tmut       71%        N/A       4%          4
 Iskenderun's Mystic Bla  Conj/Tloc      71%        2d14      4%          4
 Sticky Flame             Conj/Fire      71%        2d8       4%          4
 Fireball                 Conj/Fire      35%        3d15      10%         5
 Freezing Cloud           Conj/Ice/Air   35%        6-21      43%         6
 Simulacrum               Ice/Necr       35%        N/A       43%         6
 Ozocubu's Refrigeration  Ice            35%        4d12      92%         7


Dungeon Overview and Level Annotations

Branches:
Dungeon (14/15)            Temple (1/1) D:4            Lair (6/6) D:9
  Swamp (0/4) Lair:2        Slime (0/5) Lair:5          Orc (0/2) D:11
  IceCv (1/1)
  Snake: Lair:2-4    Spider: Lair:2-4    Vaults: D:13-14

Altars:
Ashenzari
Cheibriados
Dithmenos
Hepliaklqana
Makhleb
Qazlal
Ru
Trog
Uskayaw
Vehumet
Xom
Yredelemnul
Zin
The Shining One
Beogh
Jiyva
Lugonu

Shops:
D:8 [   D:13 *

Annotations:
D:6 Sigmund
D:8 2 transporters
Lair:1 2 transporters, jasper's ghost, journeyman DgTm


Innate Abilities, Weirdness & Mutations

You have extremely sharp teeth.
Your uncanny sense of smell can sniff out nearby items.
Your experience applies equally to all skills.
You are agile. (Dex +2)
You tend to lose your temper in combat.
Your spells are a little harder to cast, but a little more powerful.


Message History

You hit the ice devil.
The ice devil is severely wounded.
You puncture the ice devil! You punch the ice devil. You bite the ice devil.
The ice devil is almost dead.
The ice devil barely misses you.
You puncture the ice devil!
You kill the ice devil!
Cheibriados appreciates the change of pace.
You start resting.
HP restored.
The ice devil closely misses you.
You puncture the ice devil!
The ice devil is moderately wounded.
The ice devil completely misses you.
You barely miss the ice devil. You bite the ice devil.
The ice devil is heavily wounded.
The ice devil completely misses you.
You hit the ice devil but do no damage.
You punch the ice devil, but do no damage.
The ice devil is heavily wounded.
You puncture the ice devil! Your bite misses the ice devil.
The ice devil is almost dead.
The ice devil hits you but does no damage.
You hit the ice devil. You bite the ice devil.
The ice devil is almost dead.
The ice devil completely misses you.
You puncture the ice devil!
You kill the ice devil!
Cheibriados appreciates the change of pace.
No target in view!
Really walk into that cloud of freezing vapour? [Y]es or [N]o only, please.
Really walk into that cloud of freezing vapour?
Okay, then.
Really walk into that cloud of freezing vapour?
You are engulfed in freezing vapours.
You are engulfed in freezing vapours.
You are engulfed in freezing vapours.
You are engulfed in freezing vapours.
You die...

## ###...##
######...###
##.○§§..§##
...§○§☼§☼○###
.##.§○.§§§§§###
#§§####§§§§§§##
☼☼§ #☼§§☼§§.##
#§ ##○§§§§§.##
# ##☼§§§@..#
≈....○§○..##
.###..§..##
...#..###
...#### ..## ##


There were no monsters in sight!

Vanquished Creatures
  3 hydras
  A catoblepas (Lair:6)
  2 boulder beetles
  5 two-headed ogres
  A centaur warrior (D:14)
  8 death yaks
  Urug (Lair:4)
  Nergalle (Lair:4)
  Sonja (Lair:4)
  A fire crab (Lair:3)
  An ugly thing (D:11)
  A cyclops (D:11)
  17 elephants
  2 black mambas
  A gargoyle (D:11)
  5 cane toads
  8 komodo dragons
  2 ice statues (IceCv)
  A rime drake (Lair:5)
  2 unseen horrors (D:13)
  4 ice devils (IceCv)
  5 polar bears
  A troll (shapeshifter) (D:14)
  A hornet (D:9)
  A troll (D:10)
  A dream sheep (Lair:4)
  10 slime creatures (D:13)
  16 blink frogs
  A water elemental (D:12)
  A vampire (D:10)
  7 yaks
  3 wyverns
  2 basilisks
  12 vampire mosquitoes
  8 water moccasins
  2 acid dragons
  2 black bears
  5 orc warriors
  An ice beast (D:6)
  7 wolves
  An ogre (D:5)
  4 phantoms (D:7)
  3 centaurs
  A lemure (D:5)
  2 kobold brigands
  8 bullfrogs
  2 wyvern skeletons (D:7)
  2 wights (D:8)
  3 electric eels
  A howler monkey (D:12)
  A centaur zombie (D:8)
  A hound (D:7)
  A jelly (D:7)
  6 orc priests
  5 orc wizards
  12 hell rats
  A nameless horror (D:9)
  A howler monkey zombie (D:9)
  A river rat (D:9)
  A shadow imp (D:5)
  5 white imps
  6 ufetubi (IceCv)
  A worm (D:3)
  2 dart slugs (D:4)
  7 orcs
  2 ball pythons (D:2)
  2 endoplasms
  2 goblins (D:3)
  A jackal (D:3)
  A quokka (D:9)
  2 bats
  2 frilled lizards
  9 kobolds
253 creatures vanquished.

Vanquished Creatures (collateral kills)
  A hydra (Lair:4)
  A two-headed ogre (D:12)
  A deep troll shaman (Lair:6)
  A death yak (D:9)
  Pikel (D:6)
  15 elephants
  Maurice (D:11)
  A black mamba (Lair:3)
  Maggie (D:7)
  6 cane toads
  5 komodo dragons
  A rime drake (Lair:3)
  2 ice devils (IceCv)
  A polar bear (Lair:3)
  20 blink frogs
  11 dream sheep (Lair:4)
  A vampire (D:12)
  3 basilisks
  8 yaks
  3 vampire mosquitoes (Lair:2)
  Grum (D:9)
  Menkaure (D:4)
  Edmund (D:5)
  3 water moccasins
  A hornet zombie (D:8)
  3 orc warriors
  Duvessa (D:7)
  A sky beast (D:8)
  3 ogres
  15 wolves
  2 black bears
  A lemure (D:6)
  2 kobold brigands
  Blork the orc (D:6)
  5 bullfrogs
  Dowan (D:7)
  A water moccasin skeleton (D:4)
  2 wights (D:8)
  3 killer bees (D:8)
  A howler monkey (D:4)
  A nameless horror (D:9)
  3 electric eels
  A centaur zombie (D:7)
  A jelly (D:5)
  5 orc priests
  A scorpion zombie (D:5)
  An iguana (D:5)
  3 orc wizards
  4 hell rats (Lair:4)
  A howler monkey zombie (D:9)
  4 adders
  11 gnolls
  A river rat (D:9)
  4 white imps (IceCv)
  4 worms
  2 dart slugs
  13 orcs
  6 bats
  8 endoplasms
  4 giant cockroaches
  5 goblins
  8 hobgoblins
  15 jackals
  13 kobolds
  A quokka (D:3)
  2 ball pythons
  3 frilled lizards
  4 rats
262 creatures vanquished.

Vanquished Creatures (others)
  2 ufetubi (IceCv)
  36 fungi
  64 plants
102 creatures vanquished.

Grand Total: 617 creatures vanquished

Notes
Turn   | Place    | Note
-------+----------+-------------------------------------------
     0 | D:1      | Wyvernaa the Gnoll Summoner began the quest for the Orb.
     0 | D:1      | Reached XP level 1. HP: 13/13 MP: 6/6
     3 | D:1      | Noticed a minotaur skeleton
    18 | D:1      | Noticed a minotaur skeleton
   124 | D:1      | Reached XP level 2. HP: 19/19 MP: 1/7
   375 | D:1      | Learned a level 2 spell: Call Imp
   510 | D:1      | Learned a level 2 spell: Blink
  1276 | D:2      | Reached XP level 3. HP: 21/25 MP: 5/9
  1343 | D:2      | Reached skill level 5 in Spellcasting
  1409 | D:2      | Found a faded altar of an unknown god.
  2397 | D:3      | Reached skill level 1 in Invocations
  2690 | D:3      | Reached skill level 1 in Fighting
  2690 | D:3      | Reached skill level 1 in Short Blades
  2690 | D:3      | Reached skill level 1 in Long Blades
  2690 | D:3      | Reached skill level 1 in Axes
  2690 | D:3      | Reached skill level 1 in Maces & Flails
  2690 | D:3      | Reached skill level 1 in Polearms
  2690 | D:3      | Reached skill level 1 in Staves
  2690 | D:3      | Reached skill level 1 in Slings
  2690 | D:3      | Reached skill level 1 in Bows
  2690 | D:3      | Reached skill level 1 in Crossbows
  2690 | D:3      | Reached skill level 1 in Throwing
  2690 | D:3      | Reached skill level 1 in Armour
  2690 | D:3      | Reached skill level 1 in Shields
  2690 | D:3      | Reached skill level 1 in Unarmed Combat
  2690 | D:3      | Reached skill level 1 in Evocations
  2746 | D:3      | Reached XP level 4. HP: 12/32 MP: 8/11
  2940 | D:3      | Learned a level 4 spell: Summon Lightning Spire
  2945 | D:3      | Learned a level 4 spell: Summon Ice Beast
  3001 | D:3      | Reached skill level 1 in Conjurations
  3001 | D:3      | Reached skill level 1 in Hexes
  3001 | D:3      | Reached skill level 1 in Necromancy
  3001 | D:3      | Reached skill level 1 in Translocations
  3001 | D:3      | Reached skill level 1 in Transmutations
  3001 | D:3      | Reached skill level 1 in Fire Magic
  3001 | D:3      | Reached skill level 1 in Ice Magic
  3001 | D:3      | Reached skill level 1 in Air Magic
  3001 | D:3      | Reached skill level 1 in Earth Magic
  3001 | D:3      | Reached skill level 1 in Poison Magic
  3195 | D:3      | Reached XP level 5. HP: 22/37 MP: 2/12
  4185 | D:4      | Noticed an ogre
  4244 | D:4      | Killed an ogre
  4644 | D:4      | Found a staircase to the Ecumenical Temple.
  4678 | Temple   | Entered the Ecumenical Temple
  4709 | Temple   | Became a worshipper of Cheibriados the Contemplative
  4932 | D:4      | Found a shimmering altar of Xom.
  5026 | D:4      | Noticed Menkaure
  5036 | D:4      | Killed Menkaure
  5037 | D:4      | Reached XP level 6. HP: 13/44 MP: 12/13
  5596 | D:4      | Reached skill level 5 in Dodging
  5761 | D:5      | Entered Level 5 of the Dungeon
  6319 | D:5      | Reached * piety under Cheibriados
  6348 | D:5      | Reached XP level 7. HP: 50/50 MP: 15/15
  6436 | D:5      | Noticed Edmund
  6449 | D:5      | Killed Edmund
  6679 | D:5      | Learned a level 3 spell: Mephitic Cloud
  6693 | D:6      | Noticed Blork the orc
  6698 | D:6      | Killed Blork the orc
  6747 | D:6      | Found a stormy altar of Qazlal.
  6830 | D:6      | Noticed Sigmund
  6839 | D:6      | Noticed Pikel
  7334 | D:6      | Gained mutation: You tend to lose your temper in combat.
                  | [potion of mutation]
  7334 | D:6      | Gained mutation: Your spells are a little harder to cast,
                  | but a little more powerful. [potion of mutation]
  7334 | D:6      | Gained mutation: You are agile. (Dex +2) [potion of
                  | mutation]
  7334 | D:6      | Gained mutation: You have extremely sharp teeth. [potion of
                  | mutation]
  7832 | D:6      | Reached skill level 5 in Stealth
  8054 | D:6      | Killed Pikel
  8055 | D:6      | Reached XP level 8. HP: 58/58 MP: 11/16
  8820 | D:7      | Noticed Duvessa
  8820 | D:7      | Noticed Dowan
  8829 | D:7      | Killed Duvessa
  8835 | D:7      | Killed Dowan
  9236 | D:7      | Reached XP level 9. HP: 60/65 MP: 18/18
  9368 | D:7      | Reached ** piety under Cheibriados
  9435 | D:7      | Noticed Maggie
  9454 | D:7      | Killed Maggie
  9727 | D:8      | Identified 2 scrolls of acquirement
  9733 | D:8      | Acquired a +2 cloak of poison resistance
  9742 | D:8      | Acquired a +5 quick blade
  9945 | D:8      | Found Suteikk's Antique Armour Emporium.
  9949 | D:8      | Bought a pair of runed gloves for 180 gold pieces
  9954 | D:8      | Bought a helmet for 108 gold pieces
 10243 | D:8      | Found a transporter.
 10246 | D:8      | Noticed a brown ugly thing
 10247 | D:8      | Found a corrupted altar of Lugonu.
 10253 | D:8      | Noticed a cyan ugly thing
 10494 | D:8      | Noticed a red ugly thing
 11079 | D:8      | Found a transporter.
 11079 | D:8      | Noticed a purple ugly thing
 11229 | D:9      | Noticed Grum
 11280 | D:9      | Found a broken altar of Ashenzari.
 11292 | D:9      | Found a shadowy altar of Dithmenos.
 11358 | D:9      | Noticed a death yak
 11371 | D:9      | Noticed a death yak
 11372 | D:9      | Found a staircase to the Lair.
 11377 | D:9      | Noticed a death yak
 11742 | D:8      | Learned a level 4 spell: Leda's Liquefaction
 11896 | D:9      | Found a large runed translucent door.
 11897 | D:9      | Found a large runed translucent door.
 11913 | D:9      | Found a glowing silver altar of Zin.
 11916 | D:9      | Found a bloodstained altar of Trog.
 12138 | D:9      | Killed Grum
 12139 | D:9      | Reached skill level 5 in Invocations
 12155 | D:9      | Reached *** piety under Cheibriados
 12537 | D:9      | Noticed a hornet
 12565 | D:9      | Killed a death yak
 12566 | D:9      | Reached XP level 10. HP: 73/73 MP: 20/20
 12575 | D:9      | Killed a death yak
 12576 | D:9      | Reached skill level 5 in Fighting
 12576 | D:9      | Reached skill level 5 in Short Blades
 12576 | D:9      | Reached skill level 5 in Long Blades
 12576 | D:9      | Reached skill level 5 in Axes
 12576 | D:9      | Reached skill level 5 in Maces & Flails
 12576 | D:9      | Reached skill level 5 in Polearms
 12576 | D:9      | Reached skill level 5 in Staves
 12576 | D:9      | Reached skill level 5 in Slings
 12576 | D:9      | Reached skill level 5 in Bows
 12576 | D:9      | Reached skill level 5 in Crossbows
 12576 | D:9      | Reached skill level 5 in Throwing
 12576 | D:9      | Reached skill level 5 in Armour
 12576 | D:9      | Reached skill level 5 in Shields
 12576 | D:9      | Reached skill level 5 in Unarmed Combat
 12576 | D:9      | Reached skill level 5 in Evocations
 12613 | D:9      | Killed a death yak
 12963 | D:9      | Learned a level 4 spell: Cause Fear
 13005 | Lair:1   | Entered Level 1 of the Lair of Beasts
 13026 | Lair:1   | Noticed a cane toad
 13035 | Lair:1   | Killed a cane toad
 13104 | Lair:1   | Found a transporter.
 13107 | Lair:1   | Noticed a cane toad
 13110 | Lair:1   | Noticed a spriggan rider
 13115 | Lair:1   | Noticed jasper's ghost (journeyman DgTm)
 13118 | Lair:1   | Killed a cane toad
 13119 | Lair:1   | Noticed a moth of wrath
 13418 | D:9      | Found a hazy altar of Hepliaklqana.
 13427 | D:9      | Found a sacrificial altar of Ru.
 13427 | D:9      | Found a basalt altar of Yredelemnul.
 13427 | D:9      | Found a burning altar of Makhleb.
 13785 | D:9      | Found a radiant altar of Vehumet.
 13861 | Lair:1   | Noticed a moth of wrath
 13862 | Lair:1   | Found a bloodstained altar of Trog.
 13863 | Lair:1   | Found the +3 hat of Pondering {ponderous, Will+ MP+10
                  | Int+5}
 13865 | Lair:1   | Noticed a spriggan rider
 13897 | Lair:1   | Reached **** piety under Cheibriados
 14305 | Lair:1   | Reached XP level 11. HP: 81/81 MP: 12/22
 14405 | Lair:1   | Found a transporter.
 14661 | Lair:2   | Reached skill level 5 in Conjurations
 14661 | Lair:2   | Reached skill level 5 in Hexes
 14661 | Lair:2   | Reached skill level 5 in Necromancy
 14661 | Lair:2   | Reached skill level 5 in Translocations
 14661 | Lair:2   | Reached skill level 5 in Transmutations
 14661 | Lair:2   | Reached skill level 5 in Fire Magic
 14661 | Lair:2   | Reached skill level 5 in Ice Magic
 14661 | Lair:2   | Reached skill level 5 in Air Magic
 14661 | Lair:2   | Reached skill level 5 in Earth Magic
 14661 | Lair:2   | Reached skill level 5 in Poison Magic
 14698 | Lair:2   | Reached ***** piety under Cheibriados
 15075 | Lair:2   | Found a staircase to the Swamp.
 16168 | Lair:2   | Noticed a death yak
 16168 | Lair:2   | Noticed a death yak
 16905 | Lair:3   | Reached XP level 12. HP: 89/89 MP: 9/24
 17239 | Lair:3   | Noticed a boulder beetle
 17261 | Lair:3   | Killed a boulder beetle
 17446 | Lair:3   | Learned a level 2 spell: Slow
 17885 | Lair:3   | Noticed a death yak
 17888 | Lair:3   | Noticed a death yak
 17932 | Lair:3   | Killed a death yak
 17941 | Lair:3   | Killed a death yak
 18650 | Lair:4   | Noticed Sonja
 18659 | Lair:4   | Reached ****** piety under Cheibriados
 18836 | Lair:4   | Noticed Urug
 18921 | Lair:4   | Noticed a four-headed hydra
 18935 | Lair:4   | Killed a four-headed hydra
 19001 | Lair:4   | Reached XP level 13. HP: 62/98 MP: 10/26
 19293 | Lair:4   | Killed Sonja
 19569 | Lair:4   | Noticed Nergalle
 19620 | Lair:4   | Killed Nergalle
 19950 | Lair:4   | Killed Urug
 20717 | Lair:5   | Found a staircase to the Slime Pits.
 20718 | Lair:5   | Found a viscous altar of Jiyva.
 20984 | Lair:5   | Identified the +6 scale mail of Tempters {Contam rElec
                  | Str+4 Slay+5}
 21607 | Lair:5   | Reached skill level 10 in Summonings
 22007 | Lair:6   | Entered Level 6 of the Lair of Beasts
 23510 | Lair:6   | Reached skill level 10 in Spellcasting
 23635 | Lair:6   | Reached XP level 14. HP: 100/106 MP: 12/28
 23796 | Lair:6   | Reached skill level 10 in Dodging
 23969 | Lair:6   | Identified the +7 long sword of Cocytus {vorpal, rF+ Str-5
                  | Int+4}
 24107 | D:10     | Entered Level 10 of the Dungeon
 24643 | D:10     | Identified the Volume of Shape Shifting and the Mountains
 24651 | D:10     | Learned a level 5 spell: Borgnjor's Vile Clutch
 24655 | D:10     | Learned a level 3 spell: Ignite Poison
 25013 | D:11     | Found a staircase to the Orcish Mines.
 25031 | D:11     | Noticed Maurice
 25040 | D:11     | Killed Maurice
 25759 | D:11     | Reached skill level 10 in Stealth
 26599 | D:12     | Identified the +3 chain mail of Yredelemnul's Pride {Str+5
                  | Dex-3}
 26966 | D:13     | Reached skill level 10 in Invocations
 27324 | D:13     | Learned a level 2 spell: Passwall
 27652 | D:13     | Found Badyuwaq's General Store.
 28197 | D:14     | Found a frozen archway.
 28206 | IceCv    | Entered an ice cave
 29517 | IceCv    | Engulfed by a cloud of freezing vapour

Illustrated notes

Levels and vault maps discovered:
D:1:      shiori_arrival_whats_in_store_for_you, layout_rooms
D:2:      layout_loops_corners, basic_ecumenical_altar,
          minmay_misc_feat_more_columns, minmay_ruptured
D:3:      layout_loops_ring
D:4:      layout_loops_ring, lemuel_round_altar, minmay_temple_entry_ruins,
          kennysheep_decorative_pillar, supply_closet_lemuel,
          serial_bayou_pond_d, uniq_menkaure
D:5:      layout_basic, hex_tiny, kennysheep_generic_room_7, uniq_edmund
D:6:      layout_cave_pods, grunt_qazlal_clouds, sigmund_army, uniq_sigmund,
          uniq_blork_the_orc, uniq_pikel
D:7:      layout_rooms, kennysheep_path_1, hangedman_minor_gate_pass,
          uniq_maggie, uniq_duvessa
D:8:      gammafunk_corrupted_shrine, layout_basic, serial_shops, shop
D:9:      layout_irregular_city, jmf_multi_god_temple2, minitemple,
          lemuel_round_altar, grunt_temple_overflow_open, dpeg_lair_monsters,
          uniq_grum
D:10:     layout_rooms
D:11:     layout_loops_corners, minmay_orc_entry_temple_small, uniq_maurice
D:12:     layout_basic
D:13:     layout_rooms, serial_glass, glass_columns_a, glass_columns_b,
          glass_columns_c, glass_columns_a, glass_columns_a, glass_columns_c,
          glass_columns_a, glass_columns_b, glass_columns_c, glass_columns_c,
          glass_columns_a, glass_columns_c, glass_columns_b, glass_columns_a,
          serial_shops, shop, minmay_misc_feat_cross, due_unseen_surprise
D:14:     layout_irregular_city, david_vaults_4,
          portal_ice_cave_entry_pillars_2, serial_shops, shop_coins,
          grunt_decor_one_mirror, uniq_jorgrun
Temple:   jpeg_temple_clearing
Lair:1:   layout_big_grid, gammafunk_ghost_wrathful_warriors, st_stairs_4
Lair:2:   layout_misc_corridors, minmay_swamp_entry_swarm,
          guppyfry_snake_entry_island, serial_bayou_shore_a, grunt_megastairs_3,
          serial_bayou_shore_b, infiniplex_staircase_pool
Lair:3:   layout_misc_corridors, hangedman_lair_generics_rect
Lair:4:   layout_gridlike, uniq_sonja, uniq_nergalle, uniq_urug
Lair:5:   layout_roguey, slime_altar_1, serial_bayou_shore_b, grunt_megastairs_4
Lair:6:   grunt_lair_end_beastmaster, layout_regular_city
IceCv:    ice_cave_small_demon

Skill      XL: |  1  2  3  4  5  6  7  8  9 10 11 12 13 14 |
---------------+-------------------------------------------+-----
Spellcasting   | 5 6 7 8 9 10 | 10.6
Invocations    | 1 2 3 4 5 6 7 8 9 10 | 10.2
Fighting       | 1 2 3 4 5 6 7 8 9 |  9.4
Short Blades   | 1 2 3 4 5 6 7 8 9 |  9.4
Long Blades    | 1 2 3 4 5 6 7 8 9 |  9.4
Axes           | 1 2 3 4 5 6 7 8 9 |  9.4
Maces & Flails | 1 2 3 4 5 6 7 8 9 |  9.4
Polearms       | 1 2 3 4 5 6 7 8 9 |  9.4
Staves         | 1 2 3 4 5 6 7 8 9 |  9.4
Slings         | 1 2 3 4 5 6 7 8 9 |  9.4
Bows           | 1 2 3 4 5 6 7 8 9 |  9.4
Crossbows      | 1 2 3 4 5 6 7 8 9 |  9.4
Throwing       | 1 2 3 4 5 6 7 8 9 |  9.4
Armour         | 1 2 3 4 5 6 7 8 9 |  9.4
Shields        | 1 2 3 4 5 6 7 8 9 |  9.4
Unarmed Combat | 1 2 3 4 5 6 7 8 9 |  9.4
Evocations     | 1 2 3 4 5 6 7 8 9 |  9.4
Conjurations   | 1 2 3 4 5 6 7 |  7.8
Hexes          | 1 2 3 4 5 6 7 |  7.8
Necromancy     | 1 2 3 4 5 6 7 |  7.8
Translocations | 1 2 3 4 5 6 7 |  7.8
Transmutations | 1 2 3 4 5 6 7 |  7.8
Fire Magic     | 1 2 3 4 5 6 7 |  7.8
Ice Magic      | 1 2 3 4 5 6 7 |  7.8
Air Magic      | 1 2 3 4 5 6 7 |  7.8
Earth Magic    | 1 2 3 4 5 6 7 |  7.8
Poison Magic   | 1 2 3 4 5 6 7 |  7.8
Dodging        | 5 6 7 8 9 10 | 10.4
Stealth        | 5 6 7 8 9 10 | 10.2
Summonings     | 8 9 10 | 10.5

Action                   |  1- 3 |  4- 6 |  7- 9 | 10-12 | 13-15 || total
-------------------------+-------+-------+-------+-------+-------++-------
Melee: Dagger            |    65 |    66 |    77 |       |       ||   208
       Bite              |     3 |     4 |    21 |   119 |   142 ||   289
       Punch             |     1 |       |     1 |    27 |    56 ||    85
       Quick blade       |       |       |    52 |   473 |   294 ||   819
       Flail             |       |       |    30 |       |   112 ||   142
       Trident           |       |       |       |       |   168 ||   168
Throw: Dart              |       |       |       |       |     1 ||     1
 Cast: Summon Small Mamm |    15 |     1 |       |       |       ||    16
       Call Imp          |    48 |    66 |    99 |    17 |       ||   230
       Summon Lightning  |       |     1 |     9 |    20 |    39 ||    69
       Summon Ice Beast  |       |       |    30 |    70 |    21 ||   121
       Mephitic Cloud    |       |       |     3 |    11 |     9 ||    23
       Blink             |       |       |     2 |     3 |     1 ||     6
       Leda's Liquefacti |       |       |       |    15 |    19 ||    34
       Cause Fear        |       |       |       |     2 |       ||     2
       Slow              |       |       |       |     4 |       ||     4
       Passwall          |       |       |       |       |     2 ||     2
       Ignite Poison     |       |       |       |       |     1 ||     1
Invok: Bend Time         |       |     2 |     2 |     1 |     2 ||     7
       Slouch            |       |       |       |     1 |     1 ||     2
Evoke: Wand              |       |       |       |     2 |       ||     2
  Use: Scroll            |     3 |     3 |    15 |     7 |     4 ||    32
       Potion            |     3 |     3 |     4 |     4 |       ||    14
 Stab: Sleeping          |     1 |     3 |     4 |     6 |    24 ||    38
       Distracted        |       |       |       |    10 |     5 ||    15
       Confused          |       |       |       |     6 |    14 ||    20
       Petrified         |       |       |       |       |     6 ||     6
Armor: Robe              |    17 |    13 |     1 |       |    16 ||    47
       Leather armour    |    12 |       |    29 |       |       ||    41
       Skin              |       |     3 |       |       |       ||     3
       Steam dragon scal |       |       |    38 |    98 |    14 ||   150
       Scale mail        |       |       |       |       |   123 ||   123
Dodge: Dodged            |    58 |    43 |   145 |   324 |   454 ||  1024

Table legend: (Time is in decaauts)
 A = Elapsed time spent in this place.
 B = Non-inter-level travel time spent in this place.
 C = Inter-level travel time spent in this place.
 D = Time resting spent in this place.
 E = Time spent auto-exploring this place.
 F = Levels seen in this place.
 G = Mean time per level.
                   A        B        C        D        E       F      G
               +--------+--------+--------+--------+--------+-----+--------+
         Total |  38078 |  36768 |   1310 |  11033 |  11940 |  22 | 1730.8 |
       Dungeon |  22162 |  21342 |    820 |   5660 |   8010 |  14 | 1583.0 |
        Temple |     50 |     50 |      0 |      0 |      0 |   1 |   50.0 |
          Lair |  14386 |  13897 |    489 |   4330 |   3930 |   6 | 2397.7 |
      Ice Cave |   1478 |   1478 |      0 |   1042 |      0 |   1 | 1478.0 |
               +--------+--------+--------+--------+--------+-----+--------+

Top non-repeatable levels by time:
  Lair:6: 2826 daAuts
     D:9: 2779 daAuts
  Lair:4: 2571 daAuts
  Lair:3: 2497 daAuts
  Lair:2: 2470 daAuts
     D:8: 2428 daAuts
  Lair:5: 2280 daAuts
    D:11: 2144 daAuts
     D:5: 1873 daAuts
     D:4: 1807 daAuts
  Lair:1: 1740 daAuts
    D:13: 1694 daAuts
     D:3: 1662 daAuts
     D:7: 1618 daAuts
   IceCv: 1478 daAuts
